Map: [ESL] Babylon

Players

Future

  • Race: Terran Terran
  • Spawn Location: 5:00

Scarlett - Winner!

  • Race: Zerg Zerg
  • Spawn Location: 11:00

Event: ESL SC2 Masters 2023 Summer (Regionals)

VOD

Have the link to the VOD?

Description

Time

  • Played on: May 19, 2023, 2:48 p.m.
  • Length: 14:45

All games in this series

Show
View Real Time Build Order
Export as new Build Order

Future Terran 

Build Orders: Reaper Expand, Hellion Banshee 

Get SALT Encoding   

  12  0:00  SCV  
  13  0:12  SCV  
  14  0:17  Supply Depot  
  14  0:24  SCV  
  15  0:38  SCV  
  15  0:39  Barracks  
  16  0:44  Refinery  
  16  0:50  SCV  
  17  1:02  SCV  
  18  1:14  SCV  
  19  1:26  Orbital Command  
  19  1:27  Reaper  
  20  1:42  Command Center  
  20  1:52  SCV  
  20  1:54  Supply Depot  
  21  1:59  Marine  
  22  2:04  SCV  
  22  2:08  Factory  
  23  2:16  SCV  
  23  2:17  Marine  
  23  2:20  Refinery  
  25  2:28  SCV  
  26  2:36  Barracks Reactor  
  26  2:40  SCV  
  25  2:54  Hellion  
  27  3:03  Starport  
  27  3:05  SCV  
  28  3:12  Orbital Command  
  28  3:17  SCV  
  29  3:21  Hellion x2  
  29  3:22  Barracks Tech Lab  
  33  3:29  SCV  
  32  3:38  SCV  
  33  3:41  SCV  
  33  3:43  Hellion x2  
  33  3:48  Cloaking Field, Banshee  
  38  3:52  SCV  
  38  3:53  Supply Depot  
  42  4:04  Hellion x2  
  42  4:05  Supply Depot  
  42  4:09  Armory  
  46  4:15  SCV x2, Barracks Tech Lab  
  48  4:26  Hellion  
  48  4:27  Hellion, SCV x2  
  54  4:31  Supply Depot  
  54  4:34  Marine, Banshee  
  56  4:39  SCV x2  
  58  4:48  Stimpack  
  58  4:52  Marine  
  59  4:54  SCV x2  
  61  5:00  Barracks  
  61  5:05  Barracks  
  61  5:06  SCV x2  
  63  5:09  Hellion x7  
  63  5:10  Marine  
  64  5:16  Factory Reactor  
  62  5:21  Engineering Bay, SCV  
  62  5:22  SCV  
  62  5:24  Engineering Bay  
  62  5:28  Marine  
  65  5:34  SCV  
  66  5:37  Starport Reactor  
  66  5:38  SCV  
  66  5:42  Refinery  
  64  5:43  Refinery  
  64  5:44  Supply Depot  
  64  5:45  Marine, Command Center  
  64  5:46  Marine x2  
  64  5:49  SCV  
  68  5:50  SCV  
  68  5:54  Terran Infantry Weapons Level 1  
  68  5:55  Terran Infantry Armor Level 1  
  69  6:01  SCV  
  70  6:05  Marine x2, Siege Tank, SCV  
  70  6:10  Supply Depot x2  
  70  6:11  Marine x2  
  76  6:14  SCV  
  76  6:17  SCV  
  80  6:21  Marine  
  81  6:26  SCV  
  81  6:29  SCV  
  81  6:32  Marine x4  
  86  6:34  Combat Shield  
  86  6:37  Siege Tank  
  86  6:38  SCV  
  86  6:39  Marine  
  92  6:42  SCV  
  92  6:43  Medivac  
  92  6:47  Medivac  
  97  6:50  SCV  
  97  6:51  Marine  
  97  6:52  Marine x3  
  102  6:56  Supply Depot  
  102  6:57  SCV  
  102  7:01  Bunker  
  103  7:03  SCV  
  103  7:05  Marine  
  105  7:09  SCV, Supply Depot, Marine x2  
  105  7:14  Siege Tank  
  105  7:15  SCV  
  112  7:21  Orbital Command, SCV  
  113  7:23  Marine  
  113  7:25  Marine  
  113  7:27  Medivac  
  113  7:29  Marine  
  117  7:30  Marine  
  117  7:31  Marine  
  117  7:32  Medivac  
  122  7:40  Barracks x2  
  122  7:42  Marine  
  117  7:52  Marine, Siege Tank  
  110  7:58  Marine x2  
  110  8:00  Medivac  
  110  8:02  Medivac  
  110  8:03  SCV x3  
  110  8:05  Command Center  
  116  8:09  Marine  
  117  8:15  SCV, Factory  
  117  8:18  SCV x2, Refinery  
  117  8:19  Marine, Refinery  
  121  8:24  Marine  
  121  8:25  Marine  
  120  8:27  Marine  
  120  8:28  Marine  
  120  8:32  Siege Tank  
  123  8:35  Terran Infantry Weapons Level 2  
  123  8:36  Marine, SCV  
  120  8:42  Marine, Barracks Reactor  
  120  8:43  Marine  
  120  8:48  Marine  
  122  8:59  Marine, Barracks Reactor  
  122  9:04  Siege Tank  
  122  9:05  Supply Depot  
  122  9:06  Supply Depot  
  125  9:14  Marine  
  125  9:15  Marine x3, Terran Infantry Armor Level 2  
  125  9:16  Terran Vehicle Weapons Level 1  
  129  9:17  Marine, Factory Tech Lab  
  129  9:20  SCV x3  
  133  9:27  Sensor Tower  
  133  9:29  Medivac  
  133  9:30  Marine  
  133  9:31  Marine  
  136  9:32  SCV, Marine x2  
  136  9:33  Marine x2, SCV  
  136  9:34  SCV  
  136  9:35  Marine  
  145  9:41  Marine  
  145  9:42  Marine  
  145  9:43  Siege Tank  
  145  9:45  SCV x2  
  151  9:46  SCV  
  151  9:53  Planetary Fortress  
  137  10:03  SCV  
  137  10:04  SCV x2  
  134  10:07  Marine x8  
  134  10:08  Siege Tank  
  134  10:13  Marine  
  141  10:15  Siege Tank  
  141  10:20  SCV x2  
  141  10:21  SCV  
  139  10:25  Marine x6  
  145  10:28  Missile Turret  
  145  10:32  SCV x2  
  145  10:33  SCV  
  145  10:34  Marine  
  146  10:38  Marine x2  
  146  10:42  Marine  
  150  10:43  Marine x3  
  150  10:45  Marine  
  150  10:47  Siege Tank  
  151  10:50  Marine  
  151  10:51  Marine  
  150  10:58  Marine  
  150  11:00  Marine x3, Supply Depot x2  
  150  11:01  Marine  
  150  11:04  Marine  
  152  11:15  Orbital Command  
  151  11:18  Marine x2  
  151  11:19  Marine x3, Siege Tank, Supply Depot  
  151  11:21  Supply Depot  
  147  11:29  Marine  
  128  11:41  Marine x6  
  128  11:42  Marine x2  
  128  11:44  Medivac x2  
  140  11:47  Marine  
  140  11:48  Terran Infantry Weapons Level 3  
  140  11:51  Siege Tank  
  144  12:00  Command Center  
  144  12:03  Marine x3  
  144  12:04  Marine x3  
  150  12:09  Sensor Tower  
  150  12:13  Marine x3  
  145  12:21  Marine  
  146  12:24  Siege Tank  
  146  12:27  Command Center  
  149  12:33  Marine  
  150  12:41  Marine  
  151  12:44  Marine x4  
  151  12:45  Marine  
  154  12:56  Siege Tank  
  154  12:57  Marine x3  
  130  13:03  Marine x6  
  134  13:14  Marine  
  134  13:15  Marine x2  
  134  13:19  Orbital Command  
  137  13:21  Marine  
  137  13:26  Refinery  
  137  13:27  Refinery  
  138  13:28  Marine x3  
  138  13:31  SCV  
  142  13:36  SCV  
  143  13:54  Marine  
  132  13:57  Marine x8  
  139  14:09  Siege Tank  
  142  14:11  Marine  
  142  14:14  Marine  
  142  14:15  Marine x5  
  142  14:16  Marine  
  150  14:18  Marine  
Show
View Real Time Build Order
Export as new Build Order

Scarlett Zerg - Winner!

Build Orders: Pool First 

Get SALT Encoding   

  12  0:00  Drone  
  13  0:14  Overlord  
  13  0:19  Drone  
  14  0:32  Drone x2  
  16  0:36  Drone  
  17  0:46  Extractor  
  17  0:47  Drone  
  17  0:52  Spawning Pool  
  16  0:57  Drone  
  17  1:08  Drone  
  18  1:19  Hatchery  
  18  1:23  Drone  
  18  1:39  Queen  
  21  1:40  Zergling x2  
  21  1:41  Zergling x2  
  22  1:52  Metabolic Boost  
  22  1:55  Overlord  
  22  2:14  Drone x2, Queen  
  26  2:31  Drone x2  
  28  2:40  Hatchery  
  28  2:43  Zergling x4  
  28  2:46  Zergling x4  
  30  2:51  Drone  
  30  2:52  Drone  
  32  3:02  Overlord  
  32  3:04  Drone x2  
  33  3:11  Queen  
  35  3:13  Drone  
  36  3:22  Drone x2  
  36  3:23  Drone  
  36  3:24  Drone  
  40  3:33  Drone x4  
  44  3:35  Overlord  
  44  3:49  Overlord  
  44  3:51  Queen  
  44  3:53  Drone  
  47  3:57  Queen, Drone x4  
  53  4:03  Overlord  
  53  4:05  Queen  
  55  4:12  Drone x4  
  55  4:14  Zergling x2  
  55  4:17  Zergling x2  
  61  4:18  Zergling x2  
  61  4:20  Drone x2  
  64  4:25  Drone x3  
  64  4:26  Drone  
  68  4:34  Queen  
  67  4:39  Drone x5  
  67  4:41  Queen  
  67  4:43  Overlord  
  74  4:48  Spore Crawler  
  74  4:50  Overlord, Spore Crawler  
  72  4:56  Zergling x4  
  74  5:02  Spore Crawler  
  74  5:03  Zergling x2  
  74  5:04  Zergling x6  
  77  5:09  Queen  
  79  5:21  Drone x9  
  88  5:25  Lair  
  87  5:31  Overlord  
  87  5:34  Overlord  
  87  5:36  Overlord  
  87  5:40  Extractor x2  
  87  5:41  Extractor, Overlord  
  87  5:42  Baneling Nest  
  83  5:46  Extractor  
  83  5:49  Hatchery  
  81  5:53  Drone x7  
  81  5:55  Spore Crawler  
  87  6:01  Queen  
  87  6:02  Drone x4  
  93  6:13  Evolution Chamber  
  93  6:14  Queen, Evolution Chamber  
  93  6:15  Drone x4  
  97  6:22  Overlord  
  97  6:25  Overseer  
  97  6:26  Baneling x2  
  97  6:27  Baneling x3  
  97  6:28  Drone x8  
  97  6:29  Centrifugal Hooks  
  105  6:34  Zergling x10, Hydralisk Den  
  105  6:35  Overseer  
  108  6:45  Zerg Melee Weapons Level 1  
  108  6:51  Zergling x12  
  114  7:01  Overlord  
  114  7:02  Drone x8  
  122  7:08  Muscular Augments  
  122  7:14  Zergling x8, Zerg Ground Armor Level 1  
  126  7:18  Overlord  
  126  7:20  Overlord, Baneling x6  
  126  7:21  Overlord x3  
  126  7:25  Overlord  
  126  7:26  Baneling x3  
  126  7:27  Baneling  
  126  7:35  Overlord  
  126  7:36  Hatchery  
  125  7:37  Hatchery  
  125  7:41  Baneling  
  125  7:42  Baneling  
  124  7:45  Zergling x24  
  136  7:56  Zergling x18  
  132  8:00  Zergling x4  
  132  8:01  Overseer  
  132  8:03  Baneling x9  
  131  8:06  Zergling x4  
  131  8:10  Zergling x8  
  137  8:15  Hydralisk x3  
  137  8:17  Zergling x6  
  146  8:20  Grooved Spines  
  145  8:28  Hatchery  
  142  8:34  Hydralisk x9  
  153  8:52  Hydralisk x3  
  153  8:53  Overlord  
  153  8:55  Zerg Melee Weapons Level 2  
  154  8:56  Zergling x24  
  154  9:02  Zergling x8  
  170  9:10  Zergling x2  
  170  9:11  Zergling x16, Zerg Ground Armor Level 2  
  179  9:17  Drone x2  
  179  9:21  Drone x5  
  186  9:25  Extractor  
  185  9:34  Zergling x22  
  185  9:37  Baneling x16  
  196  9:40  Zergling x8  
  193  9:52  Zergling x2  
  193  9:53  Zergling x12  
  193  9:56  Zergling x12  
  188  10:07  Zergling x2  
  188  10:08  Zergling x22  
  197  10:15  Infestation Pit  
  197  10:20  Zergling x22  
  200  10:26  Spore Crawler  
  199  10:29  Baneling x20  
  199  10:32  Pneumatized Carapace  
  199  10:39  Baneling x9  
  194  10:47  Zergling x28  
  194  10:54  Zergling x20  
  192  11:04  Zergling x20  
  198  11:13  Zergling x4  
  198  11:14  Hatchery  
  198  11:16  Hive  
  198  11:17  Zerg Missile Weapons Level 1  
  169  11:27  Zergling x36  
  168  11:42  Zergling x28  
  182  11:48  Drone x3  
  182  11:53  Zergling x14  
  192  11:55  Baneling x8  
  192  11:56  Baneling  
  192  12:03  Zergling x16  
  192  12:04  Overseer  
  192  12:06  Baneling x17  
  181  12:17  Zergling x24  
  181  12:25  Zergling x8  
  181  12:29  Baneling x8  
  185  12:32  Baneling x11  
  185  12:33  Zergling x10  
  190  12:40  Zergling x18  
  195  12:54  Zergling x32  
  188  13:01  Viper x3  
  188  13:03  Adrenal Glands  
  190  13:15  Zergling x18  
  199  13:40  Baneling x11  
  199  13:45  Hatchery  
  185  13:57  Zergling x30  
  185  14:01  Baneling  
  185  14:02  Baneling x5  
  198  14:14  Overlord  
Tags
 
Add a new tag
Caveats
  • Supply blocks, unpowered buildings, or Contaminate may cause inaccurate times.
  • Supply counts are checked every 10 seconds.